 Dungeon Crawl Stone Soup version 0.26-a0-708-g17f3b19 (webtiles) character file.

Game seed: 10596638028392111330

42 BarneyGumball the Chopper (level 3, -1/18 HPs)
             Began as a Vine Stalker Gladiator on Oct 28, 2020.
             Slain by an adder (3 damage)
             ... on level 2 of the Dungeon.
             The game lasted 00:02:39 (1837 turns).

BarneyGumball the Chopper (Vine Stalker Gladiator)  Turns: 1837, Time: 00:02:39

Health: -1/18      AC:  6    Str: 17    XL:     3   Next: 56%
Magic:  0/4        EV: 12    Int:  8    God:
Gold:   76         SH:  0    Dex: 15    Spells: 2/2 levels left

rFire    . . .     SeeInvis .   a - +0 war axe
rCold    . . .     Faith    .   (no shield)
rNeg     . . .     Spirit   +   b - +0 leather armour
rPois    .         Reflect  .   h - +2 helmet
rElec    .         Harm     .   (no cloak)
rCorr    .         Rampage  .   (no gloves)
MR       .....                  (no boots)
Stlth    +.........             (no amulet)
HPRegen  0.06/turn              (no ring)
MPRegen  0.09/turn              (no ring)

@: lethally poisoned (-1 -> -6)
A: fangs 2, magic shield, antimagic bite, no potion heal 3, rot immunity
a: no special abilities


You were on level 2 of the Dungeon.
You visited 1 branch of the dungeon, and saw 3 of its levels.

You collected 76 gold pieces.

Inventory:

Hand Weapons
 a - a +0 war axe (weapon)
Missiles
 d - 3 throwing nets (quivered)
Armour
 b - a +0 leather armour (worn)
 h - a +2 helmet (worn)
Jewellery
 e - an uncursed amulet of faith
Scrolls
 f - 2 scrolls of blinking {unknown}
Potions
 c - a potion of haste


   Skills:
 - Level 2.0 Fighting
 + Level 3.7 Axes
 - Level 2.0 Throwing
 - Level 2.5 Dodging


You had 2 spell levels left.
You didn't know any spells.
Your spell library was empty.

Dungeon Overview and Level Annotations

Branches:
Dungeon (3/15)

Altars:

Annotations:
D:2 exclusion: ogre


Innate Abilities, Weirdness & Mutations

You have extremely sharp teeth.
When hurt, damage is shared between your health and your magic reserves.
Your bite disrupts and absorbs the magic of your enemies.
Potions cannot restore your health.
You are immune to rotting.


Message History

The adder bites you but does no damage. The hound closely misses you.
The adder closely misses you. The hound bites you.
You closely miss the hound. You closely miss the adder.
The adder closely misses you. The hound closely misses you.
The adder barely misses you. The hound bites you.
* * * LOW HITPOINT WARNING * * *
You barely miss the hound. You bite the hound, but do no damage.
You barely miss the adder.
* * * LOW HITPOINT WARNING * * *
You feel sick. The hound closely misses you.
The adder bites you but does no damage. The hound bites you but does no damage.
The adder barely misses you.
You barely miss the hound. You bite the hound, but do no damage.
You hit the adder. The hound bites you.
* * * LOW HITPOINT WARNING * * *
The adder bites you but does no damage.
You closely miss the hound. You closely miss the adder.
The hound barely misses you. The adder closely misses you.
The hound bites you but does no damage. The adder bites you.
You die...

##.# ... ##.# #.#
##.# #.# ##.# #.#
##.# #.# ...#
#.### #### #..S# #
##########S#
#######.......##@#
......#.......##h#
#####.........##<#
###.......##.#
#.......รท..#
#.......####
#.......#
#########


You could see a hound and 2 adders.

Vanquished Creatures
  An adder (D:2)
  A gnoll (D:1)
  A dart slug (D:1)
  A leopard gecko (D:1)
  4 bats (D:1)
  2 giant cockroaches (D:1)
  3 goblins
  A hobgoblin (D:1)
  2 kobolds
  3 rats (D:1)
19 creatures vanquished.

Notes
Turn   | Place    | Note
-------+----------+-------------------------------------------
     0 | D:1      | BarneyGumball the Vine Stalker Gladiator began the quest
                  | for the Orb.
     0 | D:1      | Reached XP level 1. HP: 11/11 MP: 2/2
    39 | D:1      | Reached XP level 2. HP: 12/15 MP: 1/3
   231 | D:1      | Reached skill level 3 in Axes
   523 | D:1      | Reached XP level 3. HP: 9/18 MP: 1/4
  1107 | D:2      | Noticed an ogre
  1130 | D:2      | You fall into a shaft and drop 1 floor!
  1150 | D:3      | Found a faded altar of an unknown god.
  1837 | D:2      | Slain by an adder

Illustrated notes

Levels and vault maps discovered:
D:1:      dpeg_arrival_renting, layout_basic, chequers_serial_rivers_room_a
D:2:      layout_loops_cross
D:3:      layout_rooms, lemuel_doored_altar, chequers_ecumenical_altar_twisty

Skill      XL: |  1  2 |
---------------+-------+-----
Fighting       | 2 |  2.0
Throwing       | 2 |  2.0
Axes           | 3 |  3.7
Dodging        | |  2.5

Action                   || total
-------------------------++-------
Melee: War axe           ||    64
       Bite              ||    17
  Use: Potion            ||     3
Armor: Leather armour    ||    37
Dodge: Dodged            ||    64

Table legend: (Time is in decaauts)
 A = Elapsed time spent in this place.
 B = Non-inter-level travel time spent in this place.
 C = Inter-level travel time spent in this place.
 D = Time resting spent in this place.
 E = Time spent auto-exploring this place.
 F = Levels seen in this place.
 G = Mean time per level.
                   A        B        C        D        E       F      G
               +--------+--------+--------+--------+--------+-----+--------+
         Total |   1841 |   1741 |    100 |    525 |   1020 |   3 |  613.7 |
       Dungeon |   1841 |   1741 |    100 |    525 |   1020 |   3 |  613.7 |
               +--------+--------+--------+--------+--------+-----+--------+

Top non-repeatable levels by time:
     D:1: 1099 daAuts
     D:2: 709 daAuts
     D:3: 32 daAuts
